 Dungeon Crawl Stone Soup version 0.24-a0-280-g7cec4da (webtiles) character file.

Game seed: 12643694784861839535

20960 Gunnerkreig the Fighter (level 12, -10/87 HPs)
             Began as an Octopode Wizard on May 13, 2019.
             Was a High Priest of Vehumet.
             Mangled by a minotaur
             ... wielding the +4 great mace of the Final Decision {flame, rC+ Dex+5}
              (20 damage)
             ... in a Gauntlet.
             The game lasted 01:03:43 (19598 turns).

Gunnerkreig the Fighter (Octopode Wizard)          Turns: 19598, Time: 01:03:44

Health: -10/87     AC:  2    Str:  7    XL:     12   Next: 85%
Magic:  12/26      EV: 24    Int: 23    God:    Vehumet [*****.]
Gold:   417        SH:  0    Dex: 17    Spells: 12/31 levels left

rFire    + . .     SeeInvis .   t - +3 whip (drain)
rCold    + . .     Gourm    .   (no shield)
rNeg     + . .     Faith    .   a - +1 hat
rPois    .         Spirit   .   m - amulet of magic regeneration
rElec    .         Reflect  .   g - ring of protection from cold
rCorr    .         Harm     .   j - ring of positive energy
MR       .....     NoTele   +   y - ring of stealth
Stlth    ++++++....             w - ring of protection from fire
HPRegen  0.24/turn              (no ring)
MPRegen  0.45/turn              (no ring)
                                (no ring)
                                (no ring)

@: agile
A: almost no armour, stealthy swim, amphibious, 8 rings, constrict 8, camouflage
1, gelatinous body 1
a: Renounce Religion


You were in a Gauntlet.
You worshipped Vehumet.
Vehumet was extremely pleased with you.
You were very full.

You visited 2 branches of the dungeon, and saw 13 of its levels.
You also visited: Sewer and Gauntlet.

You collected 866 gold pieces.
You spent 449 gold pieces at shops.

Inventory:

Hand Weapons
 s - a +2 demon blade of venom
 t - a +3 whip of draining (weapon)
Missiles
 h - 16 javelins
 u - 3 throwing nets
 x - 4 steel javelins
 K - 2 poisoned javelins (quivered)
Armour
 a - a +1 hat (worn)
Magical Staves
 H - an uncursed staff of summoning
Jewellery
 g - a ring of protection from cold (left tentacle)
 i - the ring "Veud" {Ice *Corrode +Inv Str+4 Dex+8}
   (You found it in a Gauntlet)

   [ring of ice]

   It enhances your ice magic.
   It affects your strength (+4).
   It affects your dexterity (+8).
   It makes you vulnerable to fire.
   It protects you from cold.
   It lets you turn invisible.
   It may corrode you when you take damage.
 j - a ring of positive energy (right tentacle)
 m - an amulet of magic regeneration (around mantle)
 w - a ring of protection from fire (on tentacle)
 y - a ring of stealth (on tentacle)
 A - an uncursed amulet of the gourmand
Wands
 b - a wand of flame (42)
 q - a wand of enslavement (6)
Scrolls
 f - 2 scrolls of teleportation
 k - a scroll of silence
 l - a scroll of blinking
 r - 6 scrolls of remove curse
 v - 3 scrolls of magic mapping
 I - a scroll of fear
Potions
 e - 4 potions of flight
 o - a potion of magic
 p - a potion of mutation
 z - 3 potions of might
 B - a potion of haste
 C - 2 potions of lignification
 D - a potion of berserk rage
 F - a potion of agility
 G - 4 potions of brilliance
 J - 2 potions of resistance
Miscellaneous
 E - a lightning rod (4/4)
Comestibles
 c - 26 rations


   Skills:
 + Level 10.3 Fighting
 - Level 5.0 Long Blades
 - Level 9.0 Dodging
 - Level 5.0 Stealth
 * Level 10.1 Spellcasting
 - Level 8.0 Conjurations
 + Level 5.3 Summonings
 - Level 2.0 Translocations
 - Level 3.0 Fire Magic
 - Level 5.0 Air Magic
 - Level 3.0 Poison Magic
 - Level 3.0 Evocations


You had 12 spell levels left.
You knew the following spells:

 Your Spells              Type           Power        Failure   Level  Hunger
a - Magic Dart            Conj           ####         1%          1    None
b - Conjure Flame         Conj/Fire      #####...     1%          3    None
c - Mephitic Cloud        Conj/Pois/Air  #####...     1%          3    None
d - Sticky Flame          Conj/Fire      #####...     1%          4    #......
v - Summon Lightning Spi  Summ/Air       #####...     7%          4    #......
w - Call Imp              Summ           #####...     1%          2    None
y - Blink                 Tloc           N/A          3%          2    None

Your spell library contained the following spells:

 Spells                   Type           Power        Failure   Level  Hunger
 Irradiate                Conj/Tmut      ####......   9%          5    ####...
 Flame Tongue             Conj/Fire      #####        1%          1    None
 Sandblast                Erth           ##....       1%          1    None
 Summon Small Mammal      Summ           ####         1%          1    None
 Throw Flame              Conj/Fire      #####.       1%          2    None
 Throw Frost              Conj/Ice       ####..       1%          2    None
 Call Canine Familiar     Summ           #####...     1%          3    None
 Lightning Bolt           Conj/Air       #####.....   3%          5    ####...
 Summon Guardian Golem    Hex/Summ       ###.....     5%          3    None
 Passwall                 Tmut/Erth      ##......     9%          2    None
 Slow                     Hex            ##......     9%          2    None
 Summon Ice Beast         Ice/Summ       ###.....     19%         4    #......
 Freezing Cloud           Conj/Ice/Air   ####......   34%         6    ######.
 Yara's Violent Unravell  Hex/Tmut       ##........   36%         5    ####...
 Iron Shot                Conj/Erth      ####......   38%         6    ######.
 Cause Fear               Hex            ##........   50%         4    #......
 Silence                  Hex/Air        ###.......   50%         5    ####...
 Spellforged Servitor     Conj/Summ      #####.....   58%         7    #######
 Deflect Missiles         Chrm/Air       ###.......   97%         6    ######.
 Discord                  Hex            ##........   100%        8    #######
 Ignition                 Fire           ####......   100%        8    #######


Dungeon Overview and Level Annotations

Branches:
Dungeon (10/15)            Temple (0/1) D:7            Lair (3/6) D:10
 Shoals (0/4) Lair:2       Spider (0/4) Lair:2
    Orc: D:9-12

Altars:
Cheibriados
Elyvilon
Kikubaaqudgha
Makhleb
Nemelex Xobeh
Trog
Vehumet
Yredelemnul

Shops:
D:6 !   D:8 }=*

Annotations:
Lair:2 ghost with crystal ball, Ugiokk's ghost, journeyman FoFi Gauntlet 12 transporters, 19 runed translucent doors, exclusions: downstairs and lightning spire


Innate Abilities, Weirdness & Mutations

You cannot wear most types of armour.
You are very stealthy in the water. (Stealth+)
You are amphibious.
You can wear up to eight rings at the same time.
You can use your tentacles to constrict eight enemies at once.
Your skin changes colour to match your surroundings (Stealth+).
Your rubbery body absorbs attacks. (AC +1, EV +1)


Message History

The minotaur is engulfed in blazing flames.
You barely miss the minotaur. You grab the minotaur.
The minotaur is lightly wounded.
You constrict the minotaur, but do no damage.
The minotaur hits you with the +4 great mace of the Final Decision {flame, rC+ Dex+5}!
* * * LOW HITPOINT WARNING * * *
The minotaur burns you.
* * * LOW HITPOINT WARNING * * *
The minotaur gores you but does no damage.
Casting: Conjure Flame (safe; 1% risk of failure)
Confirm with . or Enter, or press ? or * to list all spells.
Aiming: Sticky Flame (safe; 1% risk of failure)
Press: ? - help, Shift-Dir - straight line, f - minotaur
Aim: a minotaur, wielding the +4 great mace of the Final Decision {flame, rC+ Dex+5} and wearing a +0 plate armour (flame, lightly wounded, constricted by you)
The sticky flame hits the minotaur but does no damage.
The minotaur is lightly wounded.
The minotaur is covered in liquid flames!
You constrict the minotaur, but do no damage.
The minotaur burns!
The minotaur barely misses you. The minotaur gores you!!
You die...

#################################
# #8##§...............≈##8# #8# #
# ####8§.©.©.©.©.©.©..8#### ### #
#§...............≈#
#####.###.###.#####
###.###.###.### #.............#
#.###.###.###.# #......8H@....#
#######§####### #. ∩. ... +⌠..
#..H ###+


You could see a minotaur (burning) and a friendly lightning spire.

Vanquished Creatures
  4 hydras
  3 two-headed ogres
  An unseen horror (D:10)
  3 merfolk sirens (Lair:2)
  A black mamba (Lair:2)
  A torpor snail (Gauntlet)
  A spiny frog (Lair:2)
  3 komodo dragons (Lair:2)
  A demonic crawler (Lair:2)
  A merfolk (Lair:2)
  A troll (D:10)
  A hornet (D:7)
  4 hippogriffs
  2 dream sheep (D:10)
  A wraith (D:9)
  17 yaks
  A vampire (D:9)
  A wyvern (D:9)
  Eustachio (D:4)
  A steam dragon (D:8)
  2 swamp worms (Gauntlet)
  8 porcupines
  5 water moccasins
  5 orc warriors
  3 sky beasts
  3 black bears
  2 ice beasts
  5 phantoms
  4 ogres
  7 centaurs
  5 crocodiles
  7 big kobolds
  Blork the orc (D:6)
  7 bullfrogs
  A wyvern skeleton (D:7)
  4 killer bees
  5 scorpions
  7 crimson imps
  A centaur zombie (D:8)
  A jelly (D:7)
  7 hounds
  A quasit (D:7)
  A gnoll shaman (D:6)
  3 orc priests
  2 bullfrog skeletons (D:5)
  9 orc wizards
  2 iguanas
  7 worker ants
  A killer bee zombie (D:6)
  4 hound zombies
  A worker ant zombie (D:5)
  16 adders
  15 gnolls
  A river rat (Sewer)
  2 shadow imps
  2 oozes
  An adder skeleton (D:4)
  10 worms
  2 dart slugs
  10 leopard geckos
  26 orcs
  9 bats
  7 giant cockroaches
  7 hobgoblins
  6 jackals
  23 kobolds
  6 quokkas
  A ball python (D:3)
  2 frilled lizards
  8 goblins
  2 leopard gecko skeletons
  A leopard gecko zombie (D:7)
  2 quokka skeletons (D:4)
  10 rats
339 creatures vanquished.

Vanquished Creatures (collateral kills)
  A hippogriff (D:9)
  2 yaks (Lair:2)
  An ice beast (D:9)
  An orc warrior (D:9)
  A phantom (D:9)
  A big kobold (D:9)
  A scorpion (D:9)
  2 killer bees (D:9)
  A kobold (D:9)
11 creatures vanquished.

Vanquished Creatures (others)
  A tengu warrior (D:9)
  38 fungi
  25 plants
  5 withered plants (Gauntlet)
69 creatures vanquished.

Grand Total: 419 creatures vanquished

Notes
Turn   | Place    | Note
-------+----------+-------------------------------------------
     0 | D:1      | Gunnerkreig the Octopode Wizard began the quest for the
                  | Orb.
     0 | D:1      | Reached XP level 1. HP: 11/11 MP: 4/4
   208 | D:1      | Reached XP level 2. HP: 7/18 MP: 1/6
   826 | D:1      | Reached skill level 1 in Fighting
  1043 | D:1      | Reached XP level 3. HP: 10/23 MP: 2/7
  1728 | D:2      | Reached XP level 4. HP: 28/28 MP: 3/9
  2222 | D:2      | Found a faded altar of an unknown god.
  3161 | D:3      | Found a burning altar of Makhleb.
  3169 | D:3      | Reached XP level 5. HP: 21/34 MP: 5/10
  3280 | D:3      | Found a glowing drain.
  3299 | Sewer    | Entered a sewer
  3447 | Sewer    | Noticed a big kobold
  3630 | Sewer    | Killed a big kobold
  3725 | Sewer    | Found a white marble altar of Elyvilon.
  3776 | D:3      | Reached XP level 6. HP: 39/41 MP: 6/12
  3876 | D:3      | Reached skill level 5 in Stealth
  3941 | D:3      | Found a bloodstained altar of Trog.
  3944 | D:3      | Found a white marble altar of Elyvilon.
  3946 | D:3      | Found a basalt altar of Yredelemnul.
  3947 | D:3      | Found a snail-covered altar of Cheibriados.
  3950 | D:3      | Found a radiant altar of Vehumet.
  3955 | D:3      | Became a worshipper of Vehumet
  3960 | D:3      | Learned a level 3 spell: Conjure Flame
  3964 | D:3      | Learned a level 3 spell: Mephitic Cloud
  3967 | D:3      | Learned a level 2 spell: Blink
  3970 | D:3      | Learned a level 2 spell: Call Imp
  5111 | D:4      | Noticed a phantom
  5276 | D:4      | Reached * piety under Vehumet
  5276 | D:4      | Offered knowledge of Flame Tongue by Vehumet.
  5375 | D:4      | Reached XP level 7. HP: 44/54 MP: 3/18
  5740 | D:4      | Noticed Eustachio
  5993 | D:4      | Reached XP level 8. HP: 56/61 MP: 12/20
  6231 | D:4      | Killed Eustachio
  6454 | D:5      | Entered Level 5 of the Dungeon
  6469 | D:5      | Reached skill level 1 in Poison Magic
  6488 | D:5      | Reached skill level 1 in Air Magic
  6794 | D:5      | Reached skill level 1 in Fire Magic
  6891 | D:5      | Found an ancient bone altar of Kikubaaqudgha.
  7145 | D:5      | Reached XP level 9. HP: 32/66 MP: 5/21
  7521 | D:6      | Offered knowledge of Searing Ray by Vehumet.
  7530 | D:6      | Reached ** piety under Vehumet
  8088 | D:6      | Found Woczu Biti's Distillery.
  8096 | D:6      | Bought a potion of degeneration for 11 gold pieces
  8096 | D:6      | Bought a potion of lignification for 33 gold pieces
  8143 | D:6      | Noticed Blork the orc
  8154 | D:6      | Killed Blork the orc
  8737 | D:7      | Offered knowledge of Ignite Poison by Vehumet.
  8766 | D:7      | Noticed a hornet
  8772 | D:7      | Killed a hornet
  8772 | D:7      | Reached skill level 1 in Evocations
  9225 | D:7      | Found a staircase to the Ecumenical Temple.
  9408 | D:7      | Reached *** piety under Vehumet
  9557 | D:7      | Reached XP level 10. HP: 72/72 MP: 15/22
  9858 | D:7      | Offered knowledge of Sticky Flame by Vehumet.
  9865 | D:7      | Learned a level 4 spell: Sticky Flame
 10015 | D:7      | Reached skill level 5 in Dodging
 10086 | D:7      | Identified Ontoeseh's Compendium of Ashen Fire
 10087 | D:7      | Found the +3 sling "Punk" {acid, rCorr}
 10105 | D:7      | Noticed a two-headed ogre
 10114 | D:7      | Killed a two-headed ogre
 10391 | D:8      | Found a sparkling altar of Nemelex Xobeh.
 10725 | D:8      | Found Isaipliu's Assorted Antiques.
 10733 | D:8      | Bought a bubbling coppery potion for 21 gold pieces
 10733 | D:8      | Bought a papyrus book for 360 gold pieces
 10733 | D:8      | Bought a scroll labeled BEPOUG CANTI for 24 gold pieces
 10796 | D:8      | Found Woirgh's Jewellery Shop.
 10815 | D:8      | Found Ruuph's Gadget Shoppe.
 11670 | D:9      | Reached **** piety under Vehumet
 11678 | D:9      | Noticed a tengu warrior
 11681 | D:9      | Offered knowledge of Force Lance by Vehumet.
 11699 | D:9      | Reached XP level 11. HP: 20/78 MP: 4/23
 12569 | D:10     | Entered Level 10 of the Dungeon
 12592 | D:10     | Noticed a two-headed ogre
 12604 | D:10     | Killed a two-headed ogre
 12675 | D:10     | Reached skill level 1 in Long Blades
 13106 | D:10     | Found a staircase to the Lair.
 13289 | D:10     | Reached ***** piety under Vehumet
 13289 | D:10     | Offered knowledge of Irradiate by Vehumet.
 13662 | D:10     | Noticed a three-headed hydra
 13677 | D:10     | Killed a three-headed hydra
 14410 | D:10     | Noticed a two-headed ogre
 14423 | D:10     | Killed a two-headed ogre
 14423 | D:10     | Reached skill level 5 in Air Magic
 14535 | D:10     | Killed an unseen horror
 15066 | Lair:1   | Entered Level 1 of the Lair of Beasts
 15404 | Lair:1   | Reached XP level 12. HP: 50/85 MP: 18/25
 15913 | Lair:1   | Noticed a five-headed hydra
 15921 | Lair:1   | Killed a five-headed hydra
 16144 | Lair:2   | Reached skill level 5 in Summonings
 16636 | Lair:2   | HP: 4/86 [poisoned by a merfolk]
 17000 | Lair:2   | Learned a level 4 spell: Summon Lightning Spire
 17023 | Lair:2   | Found a large runed translucent door.
 17023 | Lair:2   | Found a large runed translucent door.
 17140 | Lair:2   | Noticed Ugiokk's ghost (journeyman FoFi)
 17161 | Lair:2   | Noticed a seven-headed hydra
 17167 | Lair:2   | Killed a seven-headed hydra
 17167 | Lair:2   | Reached skill level 10 in Fighting
 17167 | Lair:2   | Reached skill level 5 in Long Blades
 17606 | Lair:2   | Found a hole to the Spider Nest.
 17630 | Lair:2   | Found a staircase to the Shoals.
 18196 | Lair:3   | Found a gate leading to a gauntlet.
 18230 | Gauntlet | Entered a Gauntlet
 18230 | Gauntlet | Found a transporter.
 18239 | Gauntlet | Found a transporter.
 18244 | Gauntlet | Found a transporter.
 18246 | Gauntlet | Found the +2 cloak of the Thief {+Fog Slay-2 SInv Stlth+}
 18248 | Gauntlet | Found a transporter.
 18248 | Gauntlet | Found a transporter.
 18250 | Gauntlet | Found a large runed translucent door.
 18250 | Gauntlet | Found a large runed translucent door.
 18251 | Gauntlet | Found a large runed translucent door.
 18251 | Gauntlet | Found a large runed translucent door.
 18296 | Gauntlet | Found a transporter.
 18298 | Gauntlet | Found a transporter.
 18314 | Gauntlet | Found a transporter.
 18328 | Gauntlet | Found a transporter.
 18333 | Gauntlet | Found a transporter.
 18349 | Gauntlet | Noticed a four-headed hydra
 18353 | Gauntlet | Found a transporter.
 18367 | Gauntlet | Found a transporter.
 18379 | Gauntlet | Found a transporter.
 18387 | Gauntlet | Found a large runed translucent door.
 18388 | Gauntlet | Found a large runed translucent door.
 18389 | Gauntlet | Found a large runed translucent door.
 18389 | Gauntlet | Found a large runed translucent door.
 18390 | Gauntlet | Found a runed translucent gate.
 18391 | Gauntlet | Found a transporter.
 18391 | Gauntlet | Found a runed translucent gate.
 18391 | Gauntlet | Noticed a wretched star
 18392 | Gauntlet | Found a runed translucent gate.
 18393 | Gauntlet | Found a large runed translucent door.
 18393 | Gauntlet | Found a large runed translucent door.
 18394 | Gauntlet | Found a large runed translucent door.
 18395 | Gauntlet | Found a large runed translucent door.
 18403 | Gauntlet | Found a transporter.
 18415 | Gauntlet | Found a transporter.
 18435 | Gauntlet | Found a transporter.
 18455 | Gauntlet | Found a transporter.
 18745 | Gauntlet | Found a large runed translucent door.
 18745 | Gauntlet | Found a large runed translucent door.
 18745 | Gauntlet | Found a runed translucent door.
 18745 | Gauntlet | Found a runed translucent door.
 19197 | Gauntlet | Got a faintly glowing tin ring
 19202 | Gauntlet | HP: 3/87 [four-headed hydra (15)]
 19203 | Gauntlet | Killed a four-headed hydra
 19203 | Gauntlet | Reached skill level 10 in Spellcasting
 19206 | Gauntlet | Identified the Catalogue of Attacks
 19552 | Gauntlet | Identified the ring "Veud" {Ice *Corrode +Inv Str+4 Dex+8}
                  | (You found it in a Gauntlet)
 19577 | Gauntlet | Identified the +4 great mace of the Final Decision {flame,
                  | rC+ Dex+5}
 19577 | Gauntlet | Noticed a minotaur
 19598 | Gauntlet | Mangled by a minotaur

Levels and vault maps discovered:
D:1:      onia_arrival_pentagram, layout_loops_ring
D:2:      layout_loops_ring, chequers_ecumenical_altar_simple, minmay_puff
D:3:      cheibrodos_helix_gallery, layout_loops_corners, makhleb_grotto_becter,
          minitemple, portal_sewer_entry_f
D:4:      layout_cave_pods, uniq_eustachio
D:5:      layout_layer_cave, first_ration, basic_altar,
          corexii_item_surrounded_by_moat
D:6:      layout_loops_ring, serial_shops, shop, minmay_misc_feat_secret_circle,
          uniq_blork_the_orc
D:7:      minmay_the_grid_plus_closed [minmay_the_grid_small_cups,
          minmay_the_grid_zigzag_pyramid, minmay_the_grid_tree,
          minmay_the_grid_large_cup, minmay_the_grid_prize_shrinking_boxes],
          layout_cave_pools, minmay_temple_entry_butterflies
D:8:      layout_loops_cross, nicolae_overflow_crystal_walls, serial_shops,
          shop, nicolae_shop_overgrown_old_shop, shop
D:9:      cheibrodos_ideogram_h, layout_irregular_city
D:10:     layout_roguey, due_lair_maze_entry_diamond, hangedman_ranch
          [blue_anna_fruit_fields], dk_noncrumbling_2
Lair:1:   layout_cave_shapes
Lair:2:   layout_regular_city, elwin_shoals_entry_stream,
          nicolae_spider_entry_non_spiders, ebering_ghost_disaster_area,
          cheibrodos_lair_reptile_den
Lair:3:   layout_loops_ring, gauntlet_entry_generic,
          nicolae_lair_grove_arrangements, st_stairs_11
Gauntlet: gammafunk_gauntlet_one_two_three [nicolae_gauntlet_arena_grate_2,
          gammafunk_gauntlet_arena_crates,
          gammafunk_gauntlet_arena_arrow_garden, gammafunk_gauntlet_arena_mazey,
          gammafunk_gauntlet_arena_hedges,
          minmay_gauntlet_arena_make_your_own_arena,
          gammafunk_gauntlet_arena_split_diamond, gammafunk_gauntlet_arena_grid,
          gammafunk_gauntlet_arena_chambers, gauntlet_exit_hidden_loot]

Skill      XL: |  1  2  3  4  5  6  7  8  9 10 11 12 |
---------------+-------------------------------------+-----
Stealth        | 3 4 5 |  5.0
Fighting       | 1 2 7 8 9 10 | 10.3
Conjurations   | 2 8 |  8.0
Spellcasting   | 4 7 8 9 10 | 10.1
Poison Magic   | 2 3 |  3.0
Air Magic      | 1 3 5 |  5.0
Fire Magic     | 1 3 |  3.0
Translocations | 2 |  2.0
Summonings     | 2 4 5 |  5.3
Evocations     | 3 |  3.0
Dodging        | 3 6 7 9 |  9.0
Long Blades    | 3 5 |  5.0

Action                   |  1- 3 |  4- 6 |  7- 9 | 10-12 || total
-------------------------+-------+-------+-------+-------++-------
Melee: Unarmed           |    40 |       |       |       ||    40
       Constrict         |     9 |    20 |    27 |    33 ||    89
       Tentacles         |     5 |    12 |    18 |    41 ||    76
       Dagger            |     2 |    78 |    80 |       ||   160
       Whip              |       |       |    52 |   104 ||   156
       Demon blade       |       |       |       |   118 ||   118
Throw: Javelin           |       |     3 |    22 |    28 ||    53
       Tomahawk          |       |       |       |     3 ||     3
       Stone             |       |       |       |     2 ||     2
       Throwing net      |       |       |       |     1 ||     1
 Cast: Magic Dart        |    64 |   151 |   236 |   432 ||   883
       Blink             |       |       |     2 |    10 ||    12
       Mephitic Cloud    |       |       |    21 |    48 ||    69
       Conjure Flame     |       |       |    17 |    77 ||    94
       Sticky Flame      |       |       |       |     3 ||     3
       Summon Lightning  |       |       |       |     2 ||     2
Evoke: Wand              |       |       |       |     7 ||     7
       Lightning rod     |       |       |       |     6 ||     6
  Use: Scroll            |       |    10 |     6 |    13 ||    29
       Potion            |       |     2 |     3 |     7 ||    12
 Stab: Sleeping          |       |     5 |     2 |       ||     7
       Confused          |       |       |     6 |    11 ||    17
  Eat: Chunk             |     2 |     9 |     5 |    42 ||    58
       Ration            |       |     1 |     2 |       ||     3
Armor: Skin              |     2 |     6 |    25 |    21 ||    54
Dodge: Dodged            |    33 |    52 |   131 |   220 ||   436
       Rpst.: Demon blade |       |       |       |    21 ||    21

Table legend:
 A = Non-vault XP
 B = Vault XP
 C = Vault XP percentage of total XP
 D = Non-vault monster count
 E = Vault monster count
 F = Vault count percentage of total count
                 A         B        C        D         E       F
            +---------+---------+-------+---------+---------+-------
      Total |   16887 |   12557 |  42.6 |     255 |      96 |  27.4
            +---------+---------+-------+---------+---------+-------
        D:1 |      34 |       0 |   0.0 |      18 |       0 |   0.0
        D:2 |      88 |       7 |   7.4 |      25 |       3 |  10.7
        D:3 |     282 |      73 |  20.6 |      22 |       6 |  21.4
        D:4 |     242 |     196 |  44.7 |      16 |       1 |   5.9
        D:5 |     823 |       0 |   0.0 |      20 |       0 |   0.0
        D:6 |     682 |      91 |  11.8 |      30 |       1 |   3.2
        D:7 |    1287 |    2012 |  61.0 |      20 |      20 |  50.0
        D:8 |     736 |       0 |   0.0 |      11 |       0 |   0.0
        D:9 |     583 |    2213 |  79.1 |      17 |      19 |  52.8
       D:10 |    4453 |    3154 |  41.5 |      44 |      17 |  27.9
     Lair:1 |    2257 |       0 |   0.0 |       8 |       0 |   0.0
     Lair:2 |    5170 |    2891 |  35.9 |      23 |      14 |  37.8
     Lair:3 |     250 |       0 |   0.0 |       1 |       0 |   0.0
      Sewer |       0 |     120 | 100.0 |       0 |      11 | 100.0
   Gauntlet |       0 |    1800 | 100.0 |       0 |       4 | 100.0
            +---------+---------+-------+---------+---------+-------
